 Dungeon Crawl Stone Soup version 0.16.1-2-g95b8d4c (webtiles) character file.

2955 Leibowitz the Chopper (level 9, -2/75 HPs)
             Began as a Demigod Gladiator on Mar 25, 2015.
             Slain by Gastronok (25 damage)
             ... on level 8 of the Dungeon.
             The game lasted 00:30:04 (7100 turns).

Leibowitz the Chopper (Demigod Gladiator)           Turns: 7100, Time: 00:30:04

Health: -2/75      AC: 21    Str: 24    XL:     9   Next: 27%
Magic:  15/15      EV:  9    Int: 12    God:
Gold:   435        SH:  0    Dex: 16    Spells: 0 memorised, 8 levels left

rFire  + . .     SeeInvis .     a - +0 war axe
rCold  . . .     Clarity  +     o - +2 plate armour {rF+}
rNeg   + . .     SustAb   +     (no shield)
rPois  +         Gourm    .     c - +1 helmet
rElec  .         Spirit   .     n - +0 cloak
rCorr  .         Warding  .     q - +0 pair of gloves
rMut   .         Stasis   .     u - +0 pair of boots
MR     .....                    (no amulet)
Stlth  ..........               s - ring of poison resistance
                                y - ring of positive energy

@: not resistant to hostile enchantments, extremely unstealthy
A: clarity, shaggy fur 1, sustain abilities
a: no special abilities


You were on level 8 of the Dungeon.
You were not hungry.

You visited 1 branch of the dungeon, and saw 8 of its levels.

You collected 435 gold pieces.

Inventory:

Hand weapons
 a - a +0 war axe (weapon)
 b - a +0 blowgun
Missiles
 d - 4 throwing nets
 h - 26 poisoned needles
 l - 2 curare-tipped needles
 t - 5 javelins (quivered)
Armour
 c - a +1 helmet (worn)
 n - a +0 cloak (worn)
 o - a +2 plate armour of fire resistance (worn)
 q - a +0 pair of gloves (worn)
 u - a +0 pair of boots (worn)
Jewellery
 s - a ring of poison resistance (right hand)
 y - a ring of positive energy (left hand)
Magical devices
 i - a wand of lightning (7)
 k - a wand of magic darts (19)
 w - a wand of cold (15)
 E - a wand of lightning (4)
Scrolls
 e - 5 scrolls of identify
 r - a scroll of enchant weapon
 B - a scroll of blinking
Potions
 p - 2 potions of heal wounds
 v - 3 potions of curing
 z - a potion of brilliance
 C - a potion of restore abilities
 F - 2 potions of haste
Comestibles
 f - 7 bread rations
 g - 5 fruits
 j - a royal jelly
 m - 8 beef jerkies
 x - a slice of pizza
 A - 2 meat rations


   Skills:
 + Level 6.2 Fighting
 + Level 7.9 Axes
 + Level 2.8 Throwing
 + Level 6.1 Armour
 + Level 4.0 Dodging
 + Level 1.5 Stealth


You had 8 spell levels left.
You didn't know any spells.

Dungeon Overview and Level Annotations

Branches:
Dungeon (8/15)             Temple (0/1) D:5            Lair (0/8) D:8

Shops:
D:5 }

Annotations:
D:8 Gastronok


Innate Abilities, Weirdness & Mutations

Your attributes are resistant to harm.
You possess an exceptional clarity of mind.
You are covered in fur (AC +1).


Message History

* * * LOW HITPOINT WARNING * * *
You hit Gastronok.
Gastronok is almost dead.
You hit the river rat.
The river rat is heavily wounded.
You hit the river rat!
The river rat is heavily wounded.
The river rat bites you but does no damage. x2
You hit Gastronok.
Gastronok is almost dead.
You hit the river rat.
The river rat is severely wounded.
You hit the rat!
You kill the rat!
The rat's corpse disappears in a puff of smoke!
You hit the river rat but do no damage.
The river rat is heavily wounded.
The river rat bites you but does no damage. x2
Gastronok bites you!!
You die...

.... #......
#....... #........
+.........
#......)..
#+###.........
##+##...#.r.......#
#..##...'.@.......#
#..#....#wr§.##+###
#..#....#....#
+..'....#....#
#..#....'....+
#..##..##....#
###..##..#....##
+....#...#....+
#....+...+....#


You could see Gastronok and 2 river rats.

Vanquished Creatures
  A cyclops (D:7)
  Menkaure (D:7)
  2 ice beasts
  An ogre (D:7)
  2 black bears (D:6)
  A wasp (D:5)
  An orc warrior (D:6)
  3 centaurs
  3 eyes of draining (D:6)
  A phantom (D:6)
  3 giant frogs
  2 jellies
  A scorpion (D:6)
  3 crimson imps
  A wasp zombie (D:4)
  A giant frog zombie (D:4)
  8 orc priests
  A hound (D:5)
  An iguana (D:5)
  4 orc wizards
  A giant frog skeleton (D:5)
  4 worker ants
  A hound skeleton (D:7)
  Robin (D:3)
  3 adders
  2 gnolls (D:6)
  A shadow imp (D:5)
  2 giant mites
  4 worms
  25 orcs
  10 bats
  A bat skeleton (D:7)
  5 giant cockroaches
  17 hobgoblins
  4 jackals (D:4)
  15 kobolds
  4 quokkas
  3 ball pythons
  A giant gecko skeleton (D:6)
  2 giant newts
  21 goblins
  A quokka skeleton (D:4)
  10 rats
179 creatures vanquished.

Vanquished Creatures (others)
  A plant (D:3)
1 creature vanquished.

Grand Total: 180 creatures vanquished

Notes
Turn   | Place    | Note
--------------------------------------------------------------
     0 | D:1      | Leibowitz, the Demigod Gladiator, began the quest for the Orb.
     0 | D:1      | Reached XP level 1. HP: 17/17 MP: 2/2
   121 | D:1      | Reached XP level 2. HP: 24/24 MP: 3/3
   140 | D:1      | Reached skill level 3 in Dodging
   700 | D:2      | Reached XP level 3. HP: 29/29 MP: 5/5
  1069 | D:2      | Noticed a giant frog
  1069 | D:2      | Noticed a giant frog
  1133 | D:3      | Gained mutation: You possess an exceptional clarity of mind. [potion of mutation]
  1133 | D:3      | Gained mutation: You are covered in fur (AC +1). [potion of mutation]
  1174 | D:3      | Found an ancient bone altar of Kikubaaqudgha.
  1183 | D:3      | Noticed Robin
  1239 | D:3      | Killed Robin
  1239 | D:3      | Reached XP level 4. HP: 32/37 MP: 7/7
  1678 | D:3      | Reached skill level 1 in Armour
  1902 | D:3      | Reached skill level 4 in Axes
  1902 | D:3      | Reached XP level 5. HP: 44/44 MP: 8/8
  2151 | D:4      | Found a bloodstained altar of Trog.
  2191 | D:4      | Found a shattered altar of Ashenzari.
  2266 | D:4      | Reached skill level 1 in Stealth
  2707 | D:5      | Entered Level 5 of the Dungeon
  2721 | D:5      | Noticed an ice beast
  2722 | D:5      | Reached XP level 6. HP: 51/51 MP: 10/10
  2732 | D:5      | Killed an ice beast
  3025 | D:5      | Reached skill level 5 in Axes
  3198 | D:5      | Found a stormy altar of Qazlal.
  3271 | D:5      | Reached XP level 7. HP: 59/59 MP: 12/12
  3358 | D:5      | Found Aganuav's Gadget Boutique.
  3364 | D:5      | Found a burning altar of Makhleb.
  3425 | D:5      | Noticed a wasp
  3438 | D:5      | Killed a wasp
  3616 | D:5      | Found a staircase to the Ecumenical Temple.
  3782 | D:5      | Reached skill level 5 in Fighting
  4128 | D:6      | Found a bloodstained altar of Trog.
  4142 | D:6      | Reached skill level 6 in Axes
  4142 | D:6      | Reached XP level 8. HP: 68/68 MP: 0/13
  4230 | D:6      | Found a shimmering altar of Xom.
  4367 | D:6      | Found a radiant altar of Vehumet.
  4765 | D:6      | Reached skill level 7 in Axes
  5236 | D:7      | Noticed Menkaure
  5248 | D:7      | Killed Menkaure
  5802 | D:6      | Reached skill level 5 in Armour
  6163 | D:7      | Found a sparkling altar of Nemelex Xobeh.
  6202 | D:7      | Reached XP level 9. HP: 75/75 MP: 15/15
  6804 | D:7      | Noticed a cyclops
  6818 | D:7      | Killed a cyclops
  7031 | D:8      | Found a staircase to the Lair.
  7064 | D:8      | Noticed Gastronok
  7100 | D:8      | Slain by Gastronok

Action                   |  1- 3 |  4- 6 |  7- 9 || total
-------------------------+-------+-------+-------++-------
Melee: War axe           |   137 |   229 |   292 ||   658
 Fire: Blowgun           |       |    17 |    12 ||    29
Throw: Throwing net      |       |     2 |       ||     2
       Javelin           |       |       |     2 ||     2
  Use: Potion            |     9 |       |     4 ||    13
       Scroll            |       |     9 |     5 ||    14
 Stab: Held in net/web   |       |     1 |       ||     1
  Eat: Chunk             |       |     8 |    13 ||    21
